 Dungeon Crawl Stone Soup version 0.20.1-1-g8b1a95d (webtiles) character file.

1012 Dawnplanks the Chopper (level 8, -7/62 HPs)
             Began as a Demonspawn Abyssal Knight on Nov 25, 2017.
             Was a Priest of Lugonu.
             Mangled by an ogre
             ... wielding a +0 giant club
              (10 damage)
             ... on level 7 of the Dungeon.
             The game lasted 00:31:42 (6358 turns).

Dawnplanks the Chopper (Demonspawn Abyssal Knight)  Turns: 6358, Time: 00:31:43

Health: -7/62      AC: 21    Str: 14    XL:     8   Next: 1%
Magic:  10/10      EV:  7    Int: 14    God:    Lugonu [***...]
Gold:   279        SH:  0    Dex:  8    Spells: 6/7 levels left

rFire    . . .     SeeInvis .   a - +1 hand axe
rCold    . . .     Gourm    .   (no shield)
rNeg     . . .     Faith    .   x - +11 chain mail of the Old World {+Fly rPois MR+ Dex-5}
rPois    +         Spirit   .   (no helmet)
rElec    .         Reflect  .   m - +0 cloak
rCorr    .         Harm     .   (no gloves)
MR       +....                  (no boots)
Stlth    ..........             (no amulet)
Regen    0.2/turn               (no ring)
MPRegen  0.2/turn               (no ring)

@: about to teleport
A: hooves 2, nightstalker 1, spiny 1
a: Depart the Abyss, Bend Space, Banish, Renounce Religion, Evoke Flight


You were on level 7 of the Dungeon.
You worshipped Lugonu.
Lugonu was most pleased with you.
You were not hungry.

You visited 1 branch of the dungeon, and saw 8 of its levels.
You visited the Abyss 1 time.

You collected 279 gold pieces.

Inventory:

Hand Weapons
 a - a +1 hand axe (weapon)
 i - a +0 short sword of holy wrath
 n - a +3 club
 w - a +1 dagger of venom
Missiles
 d - 289 stones (quivered)
Armour
 b - a +0 leather armour
 m - a +0 cloak (worn)
 x - the +11 chain mail of the Old World (worn) {+Fly rPois MR+ Dex-5}
   (You found it on level 4 of the Dungeon)

   It affects your dexterity (-5).
   It protects you from poison.
   It affects your resistance to hostile enchantments.
   It lets you fly.
Scrolls
 k - a scroll of enchant weapon {unknown}
 l - a scroll of amnesia {unknown}
 q - a scroll of noise {unknown}
 t - 4 scrolls of remove curse
 u - a scroll of magic mapping
 v - a scroll of immolation
 A - a scroll of blinking {unknown}
Potions
 e - a potion of flight
 f - 3 potions of magic
 g - a potion of heal wounds {unknown}
 j - a potion of curing
 o - a potion of lignification
 p - a potion of degeneration
 r - a potion of berserk rage
 z - a potion of brilliance
 B - a potion of haste {unknown}
 C - a potion of invisibility {unknown}
 D - a potion of cancellation {unknown}
Books
 y - a book of Cantrips

   Spells                             Type                      Level
   a - Confusing Touch                Hexes                        1
   b - Animate Skeleton               Necromancy                   1
   c - Summon Small Mammal            Summoning                    1
   d - Apportation                    Translocation                1
Comestibles
 c - 7 bread rations
 s - 4 royal jellies
 E - 3 fruits


   Skills:
 + Level 5.0 Fighting
 + Level 5.8 Axes
 + Level 4.1 Armour
 + Level 2.5 Dodging
 + Level 1.3 Stealth
 + Level 0.1 Spellcasting
 + Level 0.6 Hexes
 + Level 2.8 Invocations


You had 6 spell levels left.
You knew the following spells:

 Your Spells              Type           Power        Failure   Level  Hunger
a - Confusing Touch       Hex            #.....       99%         1    ##.....


Dungeon Overview and Level Annotations

Branches:
Dungeon (8/15)             Temple (0/1) D:5
   Lair: D:8-11

Altars:
Nemelex Xobeh
Okawaru
Qazlal
Sif Muna
Trog
Uskayaw

Shops:
D:5 [

Annotations:
D:2 Sigmund


Innate Abilities, Weirdness & Mutations

You have hoof-like feet.
You are slightly more attuned to the shadows.
You are partially covered in sharp spines.


Message History

The ogre is struck by your spines. The ogre hits you but does no damage.
There is an open door here.
There is an open door here.
There is a stone staircase leading up here.
The ogre hits you with a giant club!
* * * LOW HITPOINT WARNING * * *
You climb upwards.
There is a stone staircase leading down here.
As you read the scroll of teleportation, it crumbles to dust.
You feel strangely unstable. The ogre is struck by your spines.
The ogre hits you with a giant club!
* * * LOW HITPOINT WARNING * * *
Press: ? - help, Shift-Dir - straight line, f - ogre
Aim: an ogre, wielding a giant club (severely wounded, chance to defeat MR: 81%)
You fail to use your ability.
Unknown command.
Press: ? - help, Shift-Dir - straight line, f/p - ogre
Aim: an ogre, wielding a giant club (severely wounded, chance to defeat MR: 81%)
You fail to use your ability.
The ogre hits you with a giant club!
You die...

#. #.# .
..#.##. #
#.#...
..##.#..#
#.......
##....##.#
#..@O..#
#.........
##.....##.
#....##
#.....
..#.#.. .#
.#...


You could see an ogre.

Vanquished Creatures
  A sky beast (D:5)
  The ghost of Dawnplanks the Skirmisher, an amateur DsAK of Lugonu (D:4)
  An ogre (D:4)
  A scorpion (D:6)
  A howler monkey (D:5)
  A crimson imp (D:6)
  A bullfrog zombie (D:6)
  2 hounds
  2 orc priests (D:4)
  An orc wizard (D:4)
  Jessica (D:2)
  A bullfrog skeleton (D:4)
  2 iguanas (D:6)
  4 worker ants
  A killer bee zombie (D:6)
  A hound skeleton (D:5)
  5 adders
  A gnoll (D:4)
  2 shadow imps
  An ooze (D:5)
  2 adder skeletons (D:4)
  5 worms
  3 dart slugs
  5 leopard geckos
  16 orcs
  7 bats
  2 giant cockroaches
  6 goblins
  6 hobgoblins
  16 jackals
  5 kobolds (D:1)
  4 quokkas
  7 frilled lizards
  A jackal skeleton (D:4)
  10 rats
126 creatures vanquished.

Notes
Turn   | Place    | Note
-------+----------+-------------------------------------------
     0 | Abyss:1  | Dawnplanks the Demonspawn Abyssal Knight began the quest for the Orb.
     0 | Abyss:1  | Reached XP level 1. HP: 18/18 MP: 2/2
    60 | Abyss:1  | Noticed a small abomination
    61 | D:1      | Escaped the Abyss
   428 | D:1      | Reached * piety under Lugonu
   432 | D:1      | Reached skill level 1 in Dodging
   432 | D:1      | Gained mutation: You have large cloven feet. [demonic ancestry]
   432 | D:1      | Reached XP level 2. HP: 18/24 MP: 3/3
   924 | D:1      | Gained mutation: You are slightly more attuned to the shadows. [demonic ancestry]
   924 | D:1      | Reached XP level 3. HP: 29/29 MP: 5/5
  1549 | D:2      | Reached ** piety under Lugonu
  1929 | D:2      | Reached XP level 4. HP: 32/35 MP: 6/6
  2005 | D:2      | Found a stormy altar of Qazlal.
  2112 | D:2      | Noticed Jessica
  2272 | D:2      | Killed Jessica
  2298 | D:2      | Noticed Sigmund
  2774 | D:3      | Gained mutation: You have hoof-like feet. [demonic ancestry]
  2774 | D:3      | Reached XP level 5. HP: 14/41 MP: 7/7
  3325 | D:3      | Found a deep blue altar of Sif Muna.
  3913 | D:4      | Reached skill level 1 in Stealth
  4190 | D:4      | Got a steaming chain mail
  4201 | D:4      | Identified the +11 chain mail of the Old World {+Fly rPois MR+ Dex-5} (You found it on level 4 of the Dungeon)
  4244 | D:4      | Found a bloodstained altar of Trog.
  4244 | D:4      | Found an iron altar of Okawaru.
  4284 | D:4      | Noticed an ogre
  4306 | D:4      | Killed an ogre
  4306 | D:4      | Reached XP level 6. HP: 42/48 MP: 8/8
  4344 | D:4      | Noticed Dawnplanks's ghost (amateur DsAK)
  4532 | D:4      | Learned a level 1 spell: Confusing Touch
  4766 | D:4      | Reached *** piety under Lugonu
  4883 | D:4      | Killed Dawnplanks's ghost
  5032 | D:5      | Entered Level 5 of the Dungeon
  5062 | D:5      | Gained mutation: You are partially covered in sharp spines. [demonic ancestry]
  5062 | D:5      | Reached XP level 7. HP: 47/55 MP: 9/9
  5115 | D:5      | Reached skill level 5 in Axes
  5128 | D:5      | Found a hide-covered altar of Uskayaw.
  5176 | D:5      | Found Geusiug's Antique Armour Shoppe.
  5530 | D:5      | Found a staircase to the Ecumenical Temple.
  5849 | D:6      | Found a sparkling altar of Nemelex Xobeh.
  6202 | D:6      | Reached skill level 5 in Fighting
  6202 | D:6      | Reached XP level 8. HP: 60/62 MP: 10/10
  6298 | D:6      | You fall through a shaft for 2 floors!
  6356 | D:7      | HP: 3/62 [ogre/giant club (8)]
  6358 | D:7      | Mangled by an ogre

Skill      XL: |  1  2  3  4  5  6  7 |
---------------+----------------------+-----
Armour         | 2 3 4 |  4.1
Dodging        | 1 2 |  2.5
Axes           | 2 3 4 5 |  5.8
Stealth        | 1 |  1.3
Fighting       | 4 5 |  5.0
Spellcasting   | |  0.1
Hexes          | |  0.6
Invocations    | |  2.8

Action                   |  1- 3 |  4- 6 |  7- 9 || total
-------------------------+-------+-------+-------++-------
Melee: Hand axe          |   116 |   223 |   108 ||   447
       Kick              |    17 |    41 |    18 ||    76
Throw: Stone             |     4 |     4 |       ||     8
Invok: Depart the Abyss  |     1 |       |       ||     1
 Abil: Evoke Flight      |       |     1 |       ||     1
  Use: Scroll            |       |     3 |     4 ||     7
       Potion            |       |     3 |     2 ||     5
 Stab: Sleeping          |     3 |     3 |       ||     6
  Eat: Chunk             |     1 |     2 |       ||     3
       Royal jelly       |     1 |       |       ||     1
       Bread ration      |       |     2 |       ||     2
       Meat ration       |       |       |     1 ||     1
Armor: Leather armour    |    35 |    40 |       ||    75
       Chain mail        |       |   115 |    65 ||   180
Dodge: Dodged            |    79 |   162 |    38 ||   279
